Map: New Gettysburg LE

Players

Zode

  • Race: Zerg Zerg
  • League: Master

TheoRy - Winner!

  • Race: Protoss Protoss
  • League: Master

Event: Clash of the Clanless

VOD

Have the link to the VOD?

Description

Time

  • Played on: Aug. 20, 2016, 1:01 p.m.
  • Length: 5:54

All games in this series

Show
View Real Time Build Order
Export as new Build Order

Zode Zerg 

Build Orders: Hatch First 

Get SALT Encoding   

  12  0:00  Drone  
  13  0:13  Overlord  
  13  0:18  Drone  
  14  0:31  Drone x2  
  14  0:35  Drone  
  17  0:52  Hatchery  
  17  0:56  Drone  
  17  0:59  Drone  
  18  1:08  Drone  
  19  1:17  Spawning Pool  
  18  1:19  Drone  
  19  1:29  Drone  
  20  1:48  Drone  
  21  1:55  Drone  
  22  2:02  Hatchery, Overlord  
  21  2:10  Queen, Drone  
  24  2:16  Queen  
  26  2:28  Zergling x6  
  29  2:30  Drone  
  29  2:35  Drone  
  31  2:41  Drone  
  31  2:42  Extractor  
  31  2:44  Extractor  
  31  2:47  Drone x2  
  32  2:52  Queen  
  32  2:55  Overlord  
  34  3:00  Drone  
  34  3:05  Drone  
  36  3:19  Drone x2  
  37  3:20  Drone x5  
  42  3:27  Drone x3  
  42  3:33  Metabolic Boost  
  44  3:39  Overlord  
  44  3:41  Drone  
  45  3:43  Drone  
  45  3:45  Drone  
  45  3:46  Drone  
  48  3:52  Lair  
  48  3:56  Drone x2  
  50  4:06  Overlord  
  50  4:09  Drone x2  
  53  4:10  Drone x4  
  53  4:11  Drone  
  56  4:18  Overlord  
  56  4:24  Overlord, Queen  
  56  4:26  Overlord  
  58  4:37  Drone x2  
  58  4:38  Drone x5  
  64  4:39  Evolution Chamber  
  64  4:42  Extractor  
  64  4:44  Overlord  
  64  4:45  Zergling x4, Extractor  
  64  4:56  Zergling x2  
  64  4:57  Zergling x10  
  68  5:06  Zergling x4  
  67  5:13  Zergling x2  
  67  5:14  Zergling x12  
  68  5:22  Drone x2  
  68  5:28  Extractor  
  68  5:29  Extractor  
  68  5:31  Zergling x6  
Show
View Real Time Build Order
Export as new Build Order

TheoRy Protoss - Winner!

Build Orders: 1 Gate Expand, Mass Adepts 

Get SALT Encoding   

  12  0:01  Probe (Chrono Boost)  
  13  0:12  Probe (Chrono Boost)  
  14  0:19  Pylon  
  14  0:22  Probe (Chrono Boost)  
  15  0:37  Probe (Chrono Boost)  
  15  0:39  Gateway  
  16  0:43  Assimilator  
  16  0:48  Probe (Chrono Boost)  
  17  0:58  Probe (Chrono Boost)  
  18  1:09  Probe (Chrono Boost)  
  19  1:19  Probe (Chrono Boost)  
  20  1:25  Nexus  
  20  1:31  Probe (Chrono Boost)  
  21  1:37  Cybernetics Core  
  21  1:46  Probe (Chrono Boost)  
  22  1:51  Pylon  
  22  2:00  Probe (Chrono Boost), Pylon  
  23  2:02  Assimilator  
  23  2:15  Adept, Warp Gate  
  23  2:20  Probe (Chrono Boost)  
  26  2:28  Gateway  
  26  2:35  Gateway  
  26  2:36  Probe (Chrono Boost)  
  27  2:38  Probe (Chrono Boost)  
  28  2:48  Stalker  
  28  2:50  Mothership Core (Chrono Boost)  
  30  2:55  Probe (Chrono Boost)  
  33  3:06  Twilight Council  
  33  3:08  Probe (Chrono Boost)  
  34  3:23  Probe (Chrono Boost), Adept x2  
  38  3:27  Adept  
  38  3:30  Resonating Glaives, Pylon  
  39  3:36  Probe (Chrono Boost)  
  39  3:39  Pylon  
  40  3:53  Probe (Chrono Boost)  
  42  3:56  Pylon  
  42  3:58  Adept  
  42  4:02  Adept  
  46  4:05  Adept  
  48  4:10  Probe (Chrono Boost)  
  48  4:12  Probe (Chrono Boost)  
  49  4:18  Gateway  
  49  4:22  Probe (Chrono Boost)  
  51  4:26  Probe (Chrono Boost)  
  51  4:27  Pylon  
  51  4:34  Probe (Chrono Boost)  
  51  4:38  Pylon  
  53  4:41  Adept  
  53  4:43  Adept  
  56  4:46  Adept  
  56  4:51  Probe (Chrono Boost)  
  59  5:04  Adept  
  59  5:05  Adept x2  
  65  5:18  Probe (Chrono Boost), Adept  
  65  5:20  Probe (Chrono Boost)  
  69  5:26  Adept x3  
  73  5:31  Probe (Chrono Boost), Pylon  
  73  5:32  Pylon  
  74  5:37  Stargate  
  72  5:43  Adept  
Tags
 
Add a new tag
Caveats
  • Supply blocks, unpowered buildings, or Contaminate may cause inaccurate times.
  • Supply counts are checked every 10 seconds.